General information
- name: BNet
- type: Ladder team game (AT/RT)
- host: Battle.net
- saver: Fu.ckYourself
map: Goldshire
- players: 4
- length: 14:15
- speed: Fast
- version: 1.24 W3XP
- replay type: Public
» download(66 KB)
Players
team 1 (loser)
DiscoWinter (
purple | 59 APM | 794 actions | 13:34)
2 Tauren Chieftain
1 Shockwave
1 Endurance Aura
1 Shadow Hunter
1 Hex
» actions
| Assign group hotkey | 20 | |
| Basic commands | 6 | |
| Build / train | 36 | |
| Enter build submenu | 12 | |
| Enter hero's abilities submenu | 4 | |
| Give item / drop item | 1 | |
| Right click | 493 | |
| Select / deselect | 127 | |
| Select group hotkey | 61 | |
| Use ability | 34 | |
794 total
» units
| Peon | 6 | |
| Grunt | 2 | |
| Troll Headhunter/Berserker | 9 | |
| Demolisher | 1 | |
18 total
» upgrades
| Armor | 2 | |
| Ranged Weapons | 1 | |
| Troll Regeneration | 1 | |
4 total
» buildings
| Altar of Storms | 1 | |
| Orc Burrow | 6 | |
| Barracks | 2 | |
| War Mill | 1 | |
| Voodoo Lounge | 1 | |
| Stronghold | 1 | |
| Fortress | 1 | |
13 total
» build order
00:05 Altar of Storms
00:10 Orc Burrow
00:21 Barracks
01:20 War Mill
01:52 Orc Burrow
02:32 Voodoo Lounge
03:09 Barracks
03:33 Orc Burrow
05:24 Stronghold
07:44 Orc Burrow
08:42 Orc Burrow
11:13 Orc Burrow
12:02 Fortress
» items
| Lesser Clarity Potion | 3 | |
| Healing Salve | 2 | |
| Scroll of Speed | 2 | |
7 total
WU.TANG (
green | 59 APM | 845 actions | 14:13)
2 Blademaster
1 Wind Walk
1 Critical Strike
» actions
| Assign group hotkey | 26 | |
| Basic commands | 20 | |
| Build / train | 28 | |
| Enter build submenu | 30 | |
| Enter hero's abilities submenu | 2 | |
| Remove unit from queue | 6 | |
| Right click | 488 | |
| Select / deselect | 178 | |
| Select group hotkey | 20 | |
| Use ability | 47 | |
845 total
» units
| Peon | 9 | |
| Grunt | 11 | |
| Troll Batrider | 2 | |
22 total
» buildings
| Altar of Storms | 1 | |
| Orc Burrow | 4 | |
| Barracks | 1 | |
| Voodoo Lounge | 1 | |
| Stronghold | 1 | |
| War Mill | 1 | |
| Fortress | 1 | |
| Watch Tower | 14 | |
| Spirit Lodge | 1 | |
| Beastiary | 3 | |
28 total
» build order
00:09 Altar of Storms
00:20 Orc Burrow
00:26 Barracks
01:34 Orc Burrow
02:18 Voodoo Lounge
03:11 Stronghold
03:58 Orc Burrow
05:30 War Mill
06:56 Fortress
08:29 Orc Burrow
10:57 Watch Tower
11:00 Watch Tower
11:05 Watch Tower
11:23 Spirit Lodge
11:33 Watch Tower
11:33 Watch Tower
11:41 Watch Tower
11:44 Beastiary
11:47 Beastiary
11:59 Watch Tower
12:00 Watch Tower
12:01 Watch Tower
12:02 Watch Tower
12:11 Watch Tower
12:11 Watch Tower
12:22 Watch Tower
12:23 Watch Tower
12:32 Beastiary
» items
team 2 (winner)
first48 (
red | 51 APM | 549 actions | 10:45)
3 Blademaster
2 Wind Walk
1 Critical Strike
» actions
| Assign group hotkey | 47 | |
| Basic commands | 27 | |
| Build / train | 32 | |
| Enter build submenu | 18 | |
| Enter hero's abilities submenu | 3 | |
| Give item / drop item | 1 | |
| Right click | 229 | |
| Select / deselect | 83 | |
| Select group hotkey | 62 | |
| Use ability | 47 | |
549 total
» units
» upgrades
| Ranged Weapons | 2 | |
| Armor | 1 | |
| Envenomed Spears | 1 | |
4 total
» buildings
| Altar of Storms | 1 | |
| Orc Burrow | 5 | |
| War Mill | 1 | |
| Voodoo Lounge | 1 | |
| Watch Tower | 7 | |
| Stronghold | 2 | |
| Fortress | 1 | |
| Beastiary | 2 | |
20 total
» build order
00:08 Altar of Storms
00:12 Orc Burrow
00:48 War Mill
00:58 Voodoo Lounge
02:03 Watch Tower
02:08 Watch Tower
02:54 Watch Tower
04:06 Stronghold
04:07 Stronghold
04:10 Watch Tower
04:14 Watch Tower
05:14 Watch Tower
05:19 Watch Tower
05:47 Orc Burrow
05:48 Orc Burrow
05:52 Orc Burrow
05:54 Orc Burrow
06:43 Fortress
06:46 Beastiary
06:50 Beastiary
» items
| Healing Salve | 1 | |
| Lesser Clarity Potion | 4 | |
| Boots of Speed | 1 | |
| Staff of Teleportation | 1 | |
7 total
Fu.ckYourself (
orange | 86 APM | 1223 actions | 14:14)
4 Mountain King
2 Storm Bolt
2 Bash
1 Blademaster
1 Critical Strike
» actions
| Assign group hotkey | 88 | |
| Basic commands | 29 | |
| Build / train | 49 | |
| Enter build submenu | 29 | |
| Enter hero's abilities submenu | 5 | |
| Right click | 619 | |
| Select / deselect | 98 | |
| Select group hotkey | 227 | |
| Use ability | 79 | |
1223 total
» units
» upgrades
| Masonry | 1 | |
| Storm Hammers | 1 | |
| Swords | 1 | |
3 total
» buildings
| Altar of Kings | 1 | |
| Farm | 10 | |
| Scout Tower | 14 | |
| Lumber Mill | 1 | |
| Arcane Tower | 1 | |
| Guard Tower | 8 | |
| Keep | 1 | |
| Castle | 2 | |
| Town Hall | 1 | |
| Gryphon Aviary | 3 | |
| Blacksmith | 1 | |
43 total
» build order
00:09 Altar of Kings
00:28 Farm
00:33 Farm
00:37 Scout Tower
01:13 Lumber Mill
01:18 Scout Tower
01:40 Arcane Tower
01:47 Scout Tower
02:18 Guard Tower
03:07 Scout Tower
03:08 Scout Tower
03:09 Scout Tower
03:46 Keep
04:10 Guard Tower
05:07 Scout Tower
05:19 Scout Tower
05:30 Farm
05:31 Farm
07:00 Castle
07:00 Castle
07:01 Guard Tower
07:02 Guard Tower
08:37 Town Hall
08:38 Scout Tower
08:38 Scout Tower
08:39 Scout Tower
08:44 Scout Tower
08:45 Scout Tower
08:45 Scout Tower
09:29 Gryphon Aviary
09:30 Gryphon Aviary
09:30 Gryphon Aviary
09:33 Blacksmith
09:38 Farm
09:38 Farm
09:59 Guard Tower
09:59 Guard Tower
13:57 Farm
13:57 Farm
13:58 Farm
13:58 Farm
» items
| Staff of Teleportation | 1 | |
| Boots of Speed | 1 | |
| Lesser Clarity Potion | 4 | |
| Healing Salve | 2 | |
| Orb of Lightning | 1 | |
9 total
Chat log
(00:22 / Allies) Fu.ckYourself: bems
(00:29 / Allies) Fu.ckYourself: beemers
(00:40 / Allies) first48: altar is onemicrosecond ahead of mine
(00:42 / Allies) first48: has to be bm
(01:38 / Allies) Fu.ckYourself: what i like about island defense
(01:42 / Allies) Fu.ckYourself: is you can ruin the game
(01:43 / Allies) Fu.ckYourself: right away
(01:58 / Allies) Fu.ckYourself: in the first 10 seconds
(02:01 / Allies) Fu.ckYourself: u can piss 10 ppl off
(02:13 / Allies) Fu.ckYourself: in rt you cant even backstab
(02:15 / Allies) Fu.ckYourself: for like 4 minutes
(02:30 / Allies) first48: tc
(02:36 / Allies) first48: by now theyre trained tosee it coming too
(03:19 / Allies) Fu.ckYourself: lol
(03:21 / Allies) Fu.ckYourself: owned self
(03:26 / Allies) first48: wat
(03:28 / Allies) first48: the cold?
(03:31 / Allies) Fu.ckYourself: u tomed wrong one
(03:42 / Allies) first48: i meant to kill them all
(03:51 / Allies) first48: but i guess it would have been better if i had done otherwise
(04:04 / Allies) first48: no boots for bm
(05:29 / Allies) first48: it should be expo time now
(05:32 / Allies) first48: but theyre in the way
(06:21 / All) WU.TANG: wow hacking losers lol
(06:26 / All) Fu.ckYourself: who lost?
(06:27 / All) Fu.ckYourself: you?
(06:28 / All) Fu.ckYourself: easy win
(06:29 / All) DiscoWinter: gg hackers
(06:34 / All) WU.TANG: u hack loser
(06:36 / All) WU.TANG: get laid faggot
(06:41 / All) WU.TANG: haha
(06:51 / All) Fu.ckYourself: a MOMENT OF SILENCE
(06:52 / All) WU.TANG: its ok this kinda shit makes me feel good about myself
(06:53 / All) Fu.ckYourself: FOR THE DEAD COW
(07:05 / All) first48: so mad
(07:07 / All) WU.TANG: you tools wasting your time cheating at a 9 yo video game is halarious
(07:07 / All) first48: i can taste it
(07:10 / All) first48: delicious
(07:12 / All) DiscoWinter: I like when people get mad
(07:12 / All) Fu.ckYourself: halarious
(07:13 / All) DiscoWinter: its so funny
(07:16 / All) WU.TANG: lol
(07:18 / All) first48: laugh at yourself
(07:19 / All) first48: HAHAHA
(07:22 / All) first48: THE LAUGH
(07:22 / All) DiscoWinter: RED IS SO PISSED
(07:22 / All) DiscoWinter: ROFL
(07:23 / All) DiscoWinter: ROFL
(07:24 / All) Fu.ckYourself: I LIKE WHEN I GET MAD
(07:26 / All) Fu.ckYourself: ITS SO FUNNY
(07:26 / All) DiscoWinter: ROFL
(07:27 / All) DiscoWinter: QQ MROE
(07:28 / All) DiscoWinter: PLZ
(07:29 / All) DiscoWinter: PLZ
(07:34 / All) WU.TANG: is that the best defense mechanism u can think of kid?
(07:36 / All) first48: calm down ther eace
(07:40 / All) first48: dont burst a vessel
(07:40 / All) WU.TANG: give me afuckin break you tool
(07:42 / All) first48: dont get mad
(07:44 / All) first48: and kill your mom
(07:48 / All) Fu.ckYourself: LOL
(07:49 / All) WU.TANG: we heard u stubborn dumbass
(07:50 / All) Fu.ckYourself: KILL HIS MOM
(07:50 / All) Fu.ckYourself: WOW
(07:52 / All) Fu.ckYourself: HES INSANE
(07:55 / All) Fu.ckYourself: HES GONNA KILL HIS MOM
(07:56 / All) WU.TANG: anything new or same defense mechanism?
(08:00 / All) first48: HOLY SHIT CALM DOWN
(08:05 / All) WU.TANG: o same shit
(08:09 / All) WU.TANG: wow u lack intelligence lol
(08:13 / All) Fu.ckYourself: hes LIKE THAT GUY
(08:14 / All) Fu.ckYourself: THAT SHOT HIS DAD
(08:15 / All) DiscoWinter: ROFL
(08:16 / All) Fu.ckYourself: OVER HALO
(08:18 / All) DiscoWinter: Qtw
(08:19 / All) DiscoWinter: qtw
(08:29 / Allies) first48: what does qtw mean
(08:32 / All) WU.TANG: ur like that guy
(08:36 / All) WU.TANG: 40 yo virgin
(08:41 / All) WU.TANG: lol
(08:55 / All) Fu.ckYourself: THAT ONE OF UR FAVORITE MOVIES?
(08:59 / All) Fu.ckYourself: DO U LIKE THE OFFICE?
(09:07 / Allies) Fu.ckYourself: just annoy
(09:08 / Allies) Fu.ckYourself: dont get owned
(09:22 / Allies) first48: heggs
(09:47 / Allies) Fu.ckYourself: u got me owned
(09:47 / All) WU.TANG: lol
(09:49 / All) WU.TANG: faggots
(09:49 / Allies) Fu.ckYourself: i blame u
(09:55 / All) Fu.ckYourself: STILL UPSET ABOUT UR COW?
(09:56 / Allies) first48: wat i do
(10:05 / Allies) Fu.ckYourself: shit my expo
(10:10 / All) DiscoWinter: lol losses mk then gets mad
(10:19 / All) Fu.ckYourself: i am SAVORING this win
(10:29 / All) Fu.ckYourself: tell me something on a 1-10 scale what would you say your chances of winning are
(10:33 / All) Fu.ckYourself: 1-10
(10:34 / All) Fu.ckYourself: go
(10:36 / All) Fu.ckYourself: sHOOT
(10:44 / All) WU.TANG: 1-10 ur chance of getting laid in your life span
(10:45 / All) DiscoWinter: D
(12:17 / All) DiscoWinter: oj is one wit mh
(12:23 / All) Fu.ckYourself: 1v2?
(12:25 / All) Fu.ckYourself: who wins?
(12:29 / All) DiscoWinter: we do
(13:36 / All) Fu.ckYourself: LOL
(13:37 / All) Fu.ckYourself: TRASH
(13:38 / All) Fu.ckYourself: 1V2?
(13:42 / All) Fu.ckYourself: 1-10
(13:43 / All) Fu.ckYourself: RIGHT NOW
(13:45 / All) Fu.ckYourself: RATE UR CHANCES
(13:46 / All) Fu.ckYourself: WIMP
(13:46 / All) WU.TANG: its ok man i heard u
(13:57 / All) WU.TANG: the funny thing is we both know ur mad cus ur a nerdy little bitch
(14:01 / All) WU.TANG: later chump
(14:05 / All) Fu.ckYourself: rAPED
(14:06 / All) WU.TANG: have fun with defense mechanisms
(14:07 / All) Fu.ckYourself: WHOS MAD?
(14:08 / All) Fu.ckYourself: ME OR YOU?
(14:08 / All) WU.TANG: online
(14:10 / All) WU.TANG: lol
(14:11 / All) WU.TANG: u
(14:12 / All) WU.TANG: bye